 Dungeon Crawl Stone Soup version 0.30-a0-49-g1cef19eb02 (webtiles) character file.

Game seed: 14705123101372452047

415 LnG the Chopper (level 6, 0/56 HPs)
             Began as a Hill Orc Fighter on Sept 2, 2022.
             Slain by a smoke demon (4 damage)
             ... summoned by a kobold demonologist
             ... on level 5 of the Dungeon on Sept 3, 2022.
             The game lasted 00:10:01 (4285 turns).

LnG the Chopper (Hill Orc Fighter)                  Turns: 4285, Time: 00:10:02

Health: 0/56       AC:  7    Str: 21    XL:     6   Next: 91%
Magic:  6/6        EV:  9    Int: 14    God:
Gold:   347        SH:  4    Dex: 10    Spells: 5/5 levels left

rFire   . . .      SeeInvis .    a - +0 war axe
rCold   . . .      Faith    .    c - +0 buckler
rNeg    . . .      Spirit   .    b - +0 scale mail
rPois   .          Reflect  .    (no helmet)
rElec   .          Harm     .    (no cloak)
rCorr   .          Rampage  .    (no gloves)
Will    .....                    (no boots)
Stlth   ..........               k - amulet of regeneration
HPRegen 0.98/turn                h - +6 ring of intelligence
MPRegen 0.10/turn                (no ring)

@: about to teleport
A: no striking features
a: no special abilities


You were on level 5 of the Dungeon.
You visited 1 branch of the dungeon, and saw 5 of its levels.
You also visited: Sewer.

You collected 347 gold pieces.

Inventory:

Hand Weapons
 a - a +0 war axe (weapon)
Missiles
 i - 5 boomerangs (quivered)
Armour
 b - a +0 scale mail (worn)
 c - a +0 buckler (worn)
Jewellery
 h - a +6 ring of intelligence (left hand)
 k - an amulet of regeneration (around neck)
Wands
 u - a wand of paralysis (3)
Scrolls
 j - 2 scrolls of teleportation
 l - 2 scrolls of identify
 p - a scroll of fear {unknown}
 t - 2 scrolls of vulnerability
Potions
 d - 3 potions of might
 e - a potion of lignification {unknown}
 f - 3 potions of curing {unknown}
 g - a potion of flight {unknown}
 m - 2 potions of brilliance {unknown}
 n - a potion of heal wounds {unknown}
 o - a potion of magic {unknown}
 q - 3 potions of mutation {unknown}
 r - a potion of resistance {unknown}
 s - a potion of haste {unknown}


   Skills:
 + Level 5.2 Fighting
 + Level 6.8 Axes
 + Level 4.5 Armour
 + Level 0.9 Dodging
 + Level 3.8 Shields


You had 5 spell levels left.
You didn't know any spells.
Your spell library was empty.

Dungeon Overview and Level Annotations

Branches:
Dungeon (5/15)              Sewer (visited)
 Temple: D:4-7

Altars:
Gozag
Xom
Zin
The Shining One


Message History

You now have 347 gold pieces (gained 20).
You see here a +0 robe.
Found a dagger.
You see here a +0 dagger.
Done exploring.
Done exploring.
As you read the scroll of identify, it crumbles to dust.
j - 3 scrolls of teleportation Done exploring.
There is a stone staircase leading up here.
There is a stone staircase leading up here.
There is a stone staircase leading down here.
You climb downwards.
You hear the hiss of flowing sand.
There is an entrance to an ossuary on this level.
Hurry and find it before the portal is buried!
Found a stone staircase leading down.
There is a stone staircase leading up here.
A kobold demonologist comes into view. It is wielding a +0 dagger.
The kobold demonologist shouts!
You hear a shout!
The kobold demonologist casts a spell.
The kobold demonologist mumbles some strange words.
You hit the kobold demonologist.
The kobold demonologist is lightly wounded.
You hit the sun demon but do no damage. The sun demon closely misses you.
You block the kobold demonologist's attack.
You closely miss the kobold demonologist.
The kobold demonologist is lightly wounded.
You hit the smoke demon. You barely miss the sun demon.
The sun demon hits you!!
You are engulfed in flames!!
* * * LOW HITPOINT WARNING * * *
The smoke demon gestures at you. Something smites you!
* * * LOW HITPOINT WARNING * * *
The kobold demonologist begins to cast a cantrip, but forgets the words!
There are monsters nearby!
As you read the scroll of teleportation, it crumbles to dust.
You feel strangely unstable. The sun demon barely misses you.
You block the smoke demon's attack. The smoke demon closely misses you.
The smoke demon hits you.
You die...

### .. #.#######.
######## ..#......
#......#######.K...#
#...........##@3#
#...........#..3#
#.....<.........#
#...............#
#............##.#
#............# .+
#...........#...#
#......>......#.#
#######.....### #


You could see a sun demon (summoned), a kobold demonologist and a smoke demon
(summoned).

Vanquished Creatures
  A phantom (D:4)
  A kobold brigand (Sewer)
  Ijyb (D:4)
  A gnoll (D:1)
  6 river rats (Sewer)
  8 adders
  2 worms
  A dart slug (D:1)
  6 orcs (D:3)
  2 bats (D:1)
  2 endoplasms (D:1)
  3 giant cockroaches
  8 goblins
  7 hobgoblins
  5 quokkas
  14 ball pythons
  4 frilled lizards
  25 kobolds
  16 rats
113 creatures vanquished.

Vanquished Creatures (others)
  An angel (D:3)
  A fungus (D:4)
  16 plants (D:1)
18 creatures vanquished.

Grand Total: 131 creatures vanquished

Notes
Turn   | Place    | Note
-------+----------+-------------------------------------------
     0 | D:1      | LnG the Hill Orc Fighter began the quest for the Orb.
     0 | D:1      | Reached XP level 1. HP: 19/19 MP: 1/1
   251 | D:1      | Reached XP level 2. HP: 13/27 MP: 2/2
   508 | D:1      | Reached skill level 3 in Axes
   626 | D:1      | Reached XP level 3. HP: 24/33 MP: 3/3
   885 | D:1      | You fall into a shaft and drop 1 floor!
  2133 | D:3      | Reached skill level 4 in Axes
  2133 | D:3      | Reached XP level 4. HP: 40/41 MP: 4/4
  2142 | D:3      | Noticed an angel
  2143 | D:3      | Found a shimmering altar of Xom.
  2143 | D:3      | Found a glowing silver altar of Zin.
  2155 | D:3      | Found an opulent altar of Gozag.
  2496 | D:3      | Found a glowing drain.
  2515 | Sewer    | Entered a sewer
  2577 | Sewer    | Reached skill level 5 in Axes
  2577 | Sewer    | Reached XP level 5. HP: 47/47 MP: 5/5
  2808 | Sewer    | Noticed a kobold brigand
  2814 | Sewer    | Killed a kobold brigand
  2815 | Sewer    | Reached skill level 6 in Axes
  2815 | Sewer    | Reached XP level 6. HP: 48/55 MP: 6/6
  3262 | D:3      | Killed an angel
  3711 | D:4      | Reached skill level 5 in Fighting
  3829 | D:4      | Noticed Ijyb
  3836 | D:4      | Paralysed by Ijyb for 4 turns
  3844 | D:4      | Paralysed by Ijyb for 2 turns
  3854 | D:4      | Paralysed by Ijyb for 4 turns
  3859 | D:4      | Paralysed by Ijyb for 2 turns
  3862 | D:4      | Killed Ijyb
  3954 | D:4      | Found a glowing golden altar of the Shining One.
  4274 | D:5      | Entered Level 5 of the Dungeon
  4279 | D:5      | Noticed a kobold demonologist
  4282 | D:5      | Noticed a smoke demon
  4283 | D:5      | Noticed a sun demon
  4285 | D:5      | Slain by a smoke demon

Illustrated notes

Levels and vault maps discovered:
D:1:      roderic_crop_circles_arrival_small, layout_basic,
          nicolae_grassy_gnolls
D:2:      layout_basic, kennysheep_big_empty_room, minmay_domino_2
D:3:      layout_basic, grunt_temple_overflow_order_and_chaos_1,
          nicolae_gozag_cash_rules_everything_around_me,
          cheibrodos_sewer_entry_bend
D:4:      kennysheep_the_goblin_king, layout_loops_ring,
          mainiacjoe_overflow_boulevard
D:5:      layout_rooms, trog_hazing_becter, fedhas_altar_2,
          gup_ossuary_entry_pyramid

Skill      XL: |  1  2  3  4  5  6 |
---------------+-------------------+-----
Fighting       | 4 5 |  5.2
Axes           | 3 4 5 6 |  6.8
Armour         | 4 |  4.5
Dodging        | |  0.9
Shields        | |  3.8

Action                   |  1- 3 |  4- 6 || total
-------------------------+-------+-------++-------
Melee: War axe           |    67 |   192 ||   259
  Use: Scroll            |     4 |     2 ||     6
Armor: Scale mail        |    26 |   117 ||   143
Dodge: Dodged            |    26 |   117 ||   143
Block: Buckler           |    11 |    52 ||    63

Table legend: (Time is in decaauts)
 A = Elapsed time spent in this place.
 B = Non-inter-level travel time spent in this place.
 C = Inter-level travel time spent in this place.
 D = Time resting spent in this place.
 E = Time spent auto-exploring this place.
 F = Levels seen in this place.
 G = Mean time per level.
                   A        B        C        D        E       F      G
               +--------+--------+--------+--------+--------+-----+--------+
         Total |   4380 |   4241 |    139 |    432 |   2659 |   6 |  730.0 |
       Dungeon |   3724 |   3585 |    139 |    432 |   2317 |   5 |  744.8 |
         Sewer |    655 |    655 |      0 |      0 |    342 |   1 |  655.0 |
               +--------+--------+--------+--------+--------+-----+--------+

Top non-repeatable levels by time:
     D:1: 1274 daAuts
     D:3: 880 daAuts
     D:2: 872 daAuts
     D:4: 686 daAuts
   Sewer: 655 daAuts
     D:5: 11 daAuts
